[Event "Titled Tuesday Blitz August 08 Late 2023"]
[White "Ibarra Jerez, Jose Carlos"]
[Black "Sun, Rick"]
[WhiteFideId "2226332"]
[BlackFideId "30909481"]
[WhiteElo "2858"]
[BlackElo "2624"]
[Result "1-0"]
[Round "11"]
[TimeControl "180+1"]
[Date "2023.08.08"]
[WhiteClock "0:00:16"]
[BlackClock "0:00:00"]
[Board "17"]

1. e4 d6 2. d4 Nf6 3. Nc3 Nbd7 4. Nf3 e5 5. Bc4 Be7 6. a4 c6 7. O-O Qc7 8. Re1 O-O 9. h3 h6 10. Nh4 Re8 11. Nf5 Nf8 12. dxe5 dxe5 13. Qf3 Be6 14. Bd3 Rad8 15. Be3 b6 16. a5 Bxf5 17. exf5 b5 18. Ne4 Nxe4 19. Bxe4 Rd6 20. Qg3 Rf6 21. Red1 Nd7 22. c3 Nc5 23. Bc2 Bd6 24. Rd2 Nb7 25. a6 e4 26. Qg4 Nc5 27. Rad1 Nd7 28. Bd4 Be5 29. Bxa7 Nf8 30. Bc5 Bf4 31. Re2 h5 32. Qxh5 Rh6 33. Qg4 Nh7 34. Rxe4 Rxe4 35. Bxe4 Nf6 36. Qf3 Rh4 37. a7 Qc8 38. Bxc6 Bc7 39. a8=Q Qxa8 40. Bxa8 1-0


[Site "https://www.chess.com"]

[Event "Titled Tuesday Blitz August 08 Late 2023"]
[White "GaiozNigalidze"]
[Black "Rustemov, Alexander"]
[BlackFideId "4119002"]
[WhiteElo "2479"]
[BlackElo "2846"]
[Result "0-1"]
[Round "11"]
[TimeControl "180+1"]
[Date "2023.08.08"]
[WhiteClock "0:00:06"]
[BlackClock "0:00:03"]
[Board "18"]

1. a3 d5 2. d4 Nf6 3. Nf3 Bf5 4. e3 e6 5. b4 Nbd7 6. c4 c6 7. Bb2 Bd6 8. Bd3 Ne4 9. Nc3 Nxc3 10. Bxc3 Bxd3 11. Qxd3 O-O 12. c5 Be7 13. b5 Qc7 14. O-O cxb5 15. Qxb5 Rfc8 16. Rfc1 b6 17. cxb6 Nxb6 18. Ne5 Nc4 19. Nd3 Rab8 20. Qa6 Rb6 21. Qa4 Rc6 22. Bb4 Bf6 23. Bc5 a5 24. Rab1 h6 25. h3 Bg5 26. Re1 e5 27. dxe5 Rxc5 28. Nxc5 Qxc5 29. Qb5 Nxa3 30. Qxc5 Rxc5 31. Rb8+ Kh7 32. Rb7 Kg6 33. Kh2 Nc4 34. f4 Bd8 35. g4 Bc7 36. Kg3 a4 37. Rc1 a3 38. Ra7 Kh7 39. Rxa3 g5 40. Rd3 Kg7 41. h4 f6 42. exf6+ Kxf6 43. hxg5+ hxg5 44. Rcd1 Ke6 45. Kf3 Rb5 46. Rc1 Bd6 47. Rh1 Rb2 48. Rh6+ Ke7 49. Rxd5 Nd2+ 50. Ke2 Ne4+ 51. Kd3 Nf2+ 52. Kc4 Rb4+ 53. Kc3 Ne4+ 54. Kc2 gxf4 55. exf4 Bxf4 56. Rh7+ Ke6 57. Rdd7 Bd6 58. Rb7 Ra4 59. Kd3 Kd5 60. Ke2 Ra3 61. Rb5+ Bc5 62. Rd7+ Kc4 63. Rbb7 Re3+ 64. Kd1 Rg3 65. Kc1 Rxg4 66. Kd1 Nc3+ 67. Ke1 Rg1+ 68. Kd2 Rg2+ 69. Ke1 Re2+ 70. Kf1 Rf2+ 71. Ke1 Rg2 72. Kf1 Rf2+ 73. Kg1 Rf5+ 74. Kg2 Ne4 75. Rg7 Bd4 76. Rbc7+ Kd3 77. Rcd7 Ke3 78. Rg4 Rf2+ 79. Kg1 Rf3 80. Kg2 Rf2+ 81. Kg1 Re2 82. Re7 Kf3+ 83. Kf1 Nd2# 0-1


[Site "https://www.chess.com"]

[Event "Titled Tuesday Blitz August 08 Late 2023"]
[White "Vlassov, Nikolai"]
[Black "Gadimbayli, Abdulla"]
[WhiteFideId "4103360"]
[BlackFideId "13404938"]
[WhiteElo "2610"]
[BlackElo "2837"]
[Result "1-0"]
[Round "11"]
[TimeControl "180+1"]
[Date "2023.08.08"]
[WhiteClock "0:02:16"]
[BlackClock "0:02:35"]
[Board "19"]

1. e4 e5 2. Bc4 Nf6 3. d3 c6 4. Nf3 d5 5. Bb3 a5 6. Nc3 d4 7. Nxe5 dxc3 8. Nxf7 Qb6 9. Nxh8 a4 10. Bf7+ Ke7 11. bxc3 Bg4 12. f3 Qc5 13. fxg4 Qxc3+ 14. Bd2 Qd4 15. Rb1 Nbd7 16. g5 1-0


[Site "https://www.chess.com"]

[Event "Titled Tuesday Blitz August 08 Late 2023"]
[White "Bauman_Guy"]
[Black "Moral Garcia, Serafin"]
[BlackFideId "2201925"]
[WhiteElo "2793"]
[BlackElo "2580"]
[Result "1-0"]
[Round "11"]
[TimeControl "180+1"]
[Date "2023.08.08"]
[WhiteClock "0:01:38"]
[BlackClock "0:00:22"]
[Board "20"]

1. e4 e5 2. Nf3 Nf6 3. Nxe5 d6 4. Nf3 Nxe4 5. d4 d5 6. Bd3 Be7 7. O-O Nc6 8. Nbd2 Nxd2 9. Bxd2 O-O 10. c3 Bg4 11. Bf4 Bd6 12. Bg3 Ne7 13. Qc2 h6 14. Ne5 Be6 15. Rfe1 Qc8 16. Re2 Bf5 17. Rae1 Bxd3 18. Nxd3 Bxg3 19. hxg3 Nf5 20. Nc5 b6 21. Nd3 Nd6 22. Nf4 c6 23. Re7 Nf5 24. R7e5 Nd6 25. Qe2 Rb8 26. Nh5 f6 27. Re7 Rb7 28. Nxg7 Rxe7 29. Qxe7 Ne4 30. Ne6 Rf7 31. Qd8+ Qxd8 32. Nxd8 Rc7 33. Ne6 Re7 34. Nf4 Kf7 35. g4 Rd7 36. f3 Nd6 37. Kf2 f5 38. gxf5 Nxf5 39. g4 Nd6 40. Re6 Kg7 41. Nh5+ Kg8 42. Rxh6 Rd8 43. Rg6+ Kf8 44. Nf4 Kf7 45. Rh6 Ke7 46. Rh7+ Nf7 47. g5 1-0


[Site "https://www.chess.com"]

[Event "Titled Tuesday Blitz August 08 Late 2023"]
[White "Sreyas Payyappat"]
[Black "Troff, Kayden"]
[WhiteFideId "46674969"]
[BlackFideId "2047896"]
[WhiteElo "2552"]
[BlackElo "2781"]
[Result "0-1"]
[Round "11"]
[TimeControl "180+1"]
[Date "2023.08.08"]
[WhiteClock "0:00:01"]
[BlackClock "0:01:20"]
[Board "21"]

1. e4 c5 2. Nf3 g6 3. d4 cxd4 4. Nxd4 Bg7 5. Nc3 Nc6 6. Be3 Nf6 7. Be2 O-O 8. f4 d5 9. e5 Ne4 10. Nxe4 dxe4 11. Nxc6 bxc6 12. Qxd8 Rxd8 13. O-O f6 14. Rad1 Be6 15. Bc5 Kf7 16. b3 a5 17. a4 Rd5 18. Bb6 fxe5 19. fxe5+ Ke8 20. Rxd5 cxd5 21. Bc7 Rc8 22. Bb5+ Bd7 23. Bxa5 Rxc2 24. e6 Bxb5 25. axb5 Rc5 26. b6 Rxa5 27. b7 Bd4+ 28. Kh1 Be5 29. Rc1 Kf8 30. g4 Rb5 31. Rf1+ Kg8 0-1


[Site "https://www.chess.com"]

[Event "Titled Tuesday Blitz August 08 Late 2023"]
[White "Urazayev, Arystanbek"]
[Black "Osmak, Yuliia"]
[WhiteFideId "13709810"]
[BlackFideId "14101602"]
[WhiteElo "2753"]
[BlackElo "2520"]
[Result "0-1"]
[Round "11"]
[TimeControl "180+1"]
[Date "2023.08.08"]
[WhiteClock "0:00:39"]
[BlackClock "0:00:14"]
[Board "22"]

1. e4 c5 2. Nf3 d6 3. Nc3 a6 4. d4 cxd4 5. Nxd4 Nf6 6. Rg1 e5 7. Nb3 Be7 8. g4 Be6 9. g5 Nfd7 10. Be3 Nc6 11. h4 Nb6 12. h5 Nc4 13. Bxc4 Bxc4 14. Nd5 Bxd5 15. exd5 Nb8 16. g6 hxg6 17. hxg6 f5 18. Qf3 f4 19. O-O-O fxe3 20. Qf7+ Kd7 21. Rg4 Qg8 22. Qf5+ Kd8 23. Na5 Ra7 24. Qf3 Nd7 25. Qxe3 Ra8 26. Nxb7+ Ke8 27. Kb1 Rb8 28. Qa7 Qxd5 29. Nxd6+ Bxd6 30. Rgg1 Qc5 31. Qxa6 Bc7 32. Qe6+ Qe7 33. Qc4 Bd6 34. Rh1 Rxh1 35. Rxh1 Nf8 36. Qe4 Qb7 37. Qa4+ Qb5 38. Qa5 Qxa5 0-1


[Site "https://www.chess.com"]

[Event "Titled Tuesday Blitz August 08 Late 2023"]
[White "Sebag, Marie"]
[Black "Matinian, Nikita"]
[WhiteFideId "617822"]
[BlackFideId "24129100"]
[WhiteElo "2518"]
[BlackElo "2695"]
[Result "0-1"]
[Round "11"]
[TimeControl "180+1"]
[Date "2023.08.08"]
[WhiteClock "0:00:09"]
[BlackClock "0:00:04"]
[Board "23"]

1. d4 Nf6 2. c4 e6 3. Nc3 Bb4 4. e3 b6 5. Bd3 Bb7 6. Nf3 O-O 7. O-O c5 8. a3 Bxc3 9. bxc3 d6 10. Nd2 Nc6 11. Bb2 Rc8 12. e4 e5 13. f3 Ba6 14. Rf2 cxd4 15. cxd4 Nxd4 16. Bxd4 exd4 17. Qa4 Bb7 18. Nb3 Nd7 19. Nxd4 Nc5 20. Qd1 Qf6 21. Bf1 Rfd8 22. Rc1 Ne6 23. Nf5 Nf4 24. Rd2 d5 25. cxd5 Rxc1 26. Qxc1 g6 27. Nd4 Qg5 28. g3 Nxd5 29. exd5 Qe3+ 30. Kg2 Rxd5 31. Qd1 h5 32. Rd3 Qe7 33. Ne2 Re5 34. Rd7 Bxf3+ 35. Kxf3 Rf5+ 36. Kg2 Qe4+ 37. Kh3 Qg4+ 38. Kg2 Qe4+ 39. Kh3 Rf2 40. Rd8+ Kh7 41. Qd4 Qf5+ 42. g4 hxg4+ 43. Qxg4 Rxh2+ 44. Kxh2 Qxg4 45. Ng3 Qh4+ 0-1


[Site "https://www.chess.com"]

[Event "Titled Tuesday Blitz August 08 Late 2023"]
[White "Di Berardino, Diego Rafael"]
[Black "Ashraf, Artin"]
[WhiteFideId "2105446"]
[BlackFideId "22514805"]
[WhiteElo "2617"]
[BlackElo "2814"]
[Result "0-1"]
[Round "11"]
[TimeControl "180+1"]
[Date "2023.08.08"]
[WhiteClock "0:00:00"]
[BlackClock "0:00:11"]
[Board "24"]

1. d4 Nf6 2. c4 e6 3. Nc3 d5 4. Bg5 Be7 5. e3 O-O 6. Nf3 h6 7. Bxf6 Bxf6 8. Rc1 c6 9. Bd3 g6 10. O-O Bg7 11. cxd5 exd5 12. b4 a6 13. a4 b5 14. Ra1 Bb7 15. Qb3 Nd7 16. a5 Nf6 17. Ne5 Ne8 18. e4 Nc7 19. exd5 cxd5 20. Ne2 Ne6 21. f4 Rc8 22. Rac1 Rc4 23. Bxc4 dxc4 24. Qe3 Nc7 25. Nc3 Re8 26. Qf2 f6 27. Nxg6 Kh7 28. Nh4 Qd7 29. Qc2+ Kg8 30. Nf5 Bf8 31. Rce1 Rd8 32. Re3 Qf7 33. Rg3+ Kh8 34. Nh4 Bg7 35. Nf5 Bf8 36. Re1 Ne6 37. Ne2 Re8 38. Rd1 Nc7 39. Nh4 Be4 40. Qd2 f5 41. Nf3 Nd5 42. Ne5 Qe6 43. Nc3 Bxb4 0-1


[Site "https://www.chess.com"]

[Event "Titled Tuesday Blitz August 08 Late 2023"]
[White "Prithu Gupta"]
[Black "Harshavardhan G B"]
[WhiteFideId "46618546"]
[BlackFideId "25059009"]
[WhiteElo "2495"]
[BlackElo "2810"]
[Result "0-1"]
[Round "11"]
[TimeControl "180+1"]
[Date "2023.08.08"]
[WhiteClock "0:00:04"]
[BlackClock "0:00:42"]
[Board "25"]

1. c4 e5 2. Nc3 Nf6 3. Nf3 Nc6 4. e4 Bb4 5. d3 d6 6. a3 Bc5 7. b4 Bb6 8. Na4 Bd4 9. Nxd4 Nxd4 10. Nc3 a5 11. b5 c6 12. a4 O-O 13. Be2 d5 14. exd5 cxd5 15. O-O Be6 16. Bb2 Rc8 17. Nxd5 Nxd5 18. Bxd4 exd4 19. cxd5 Bxd5 20. Bf3 Rc3 21. Re1 Qd6 22. h3 g6 23. Bxd5 Qxd5 24. Qg4 Rxd3 25. Rad1 Rxd1 26. Rxd1 d3 27. Qg3 d2 28. Qc3 Rd8 29. Qxa5 Qd3 30. Kh2 h5 31. Qc7 Rd7 32. Qc8+ Kh7 33. Qe8 Kg7 34. Qe5+ Kf8 35. Qb8+ Rd8 36. Qxb7 Qc2 37. Qf3 Qxa4 38. Qe3 Qb4 39. b6 h4 40. b7 Qd6+ 41. g3 hxg3+ 42. fxg3 Qd7 43. b8=Q Rxb8 44. Rxd2 Qc7 45. Rf2 Kg8 46. Qf4 Qa7 47. h4 Rb5 48. Qf3 Rf5 49. Qxf5 gxf5 50. Rxf5 Qa2+ 51. Kh3 Qb1 52. Rf4 Kg7 53. Rg4+ Kf6 54. Rf4+ Ke6 55. Kg2 f5 56. Kh3 Qh1# 0-1


[Site "https://www.chess.com"]

[Event "Titled Tuesday Blitz August 08 Late 2023"]
[White "Hambleton, Aman"]
[Black "Hnydiuk, Aleksander"]
[WhiteFideId "2606577"]
[BlackFideId "1109057"]
[WhiteElo "2758"]
[BlackElo "2562"]
[Result "1-0"]
[Round "11"]
[TimeControl "180+1"]
[Date "2023.08.08"]
[WhiteClock "0:00:06"]
[BlackClock "0:00:01"]
[Board "26"]

1. d4 d5 2. Bf4 Nf6 3. e3 e6 4. Nf3 Bd6 5. Nbd2 O-O 6. Bd3 c5 7. c3 Bxf4 8. exf4 b6 9. Qe2 a5 10. O-O Ba6 11. Bxa6 Rxa6 12. Rfe1 Ra7 13. g3 Nc6 14. Qb5 Qc7 15. dxc5 Rb8 16. b3 a4 17. b4 bxc5 18. Qxc5 Ne7 19. Qe3 Nf5 20. Qd3 Nd6 21. Ne5 Rc8 22. Rac1 Qb8 23. a3 Rac7 24. Rc2 Qb5 25. Qd4 Nd7 26. Nxd7 Rxd7 27. Rec1 Nc4 28. Nxc4 Rxc4 29. Qd3 Rdc7 30. Kg2 Qc6 31. Qf3 d4 32. Qxc6 R4xc6 33. Kf3 dxc3 34. Ke3 Kf8 35. Rd1 Ke7 36. Rd4 Rc8 37. b5 Rb6 38. Rb4 Rc5 39. Kd3 Rd6+ 40. Rd4 Rxd4+ 41. Kxd4 Rxb5 42. Rxc3 Rb2 43. Ke3 Ra2 44. h4 h5 45. Kf3 g6 46. Rc7+ Kf6 47. Rc3 Rb2 48. Ke3 Ra2 49. Rd3 Rb2 50. Kf3 Ra2 51. Re3 Kf5 52. Rc3 Kf6 53. Kg2 Ke7 54. Kf1 Kd6 55. Kg2 Ke7 56. Kf3 Kf6 57. Rd3 Ke7 58. Ke3 Kf6 59. Rc3 Ke7 60. Rc7+ Kf6 61. Ra7 Rxa3+ 62. Ke4 Ra2 63. Kf3 a3 64. Ke3 Ra1 65. Kf3 Ra2 66. Ke3 Ra1 67. Kf3 e5 68. Ra6+ Kf5 69. Ra5 f6 70. fxe5 fxe5 71. Ra6 Ra2 72. Ke3 Ra1 73. Ra5 a2 74. Ke2 Ke6 75. Ra6+ Kd5 76. Kf3 e4+ 77. Kf4 e3 78. Kf3 exf2 79. Ra5+ Kc4 80. Kxf2 Kb4 81. Ra8 Kb3 82. Rb8+ Kc4 83. Ra8 Kd3 84. Kg2 Ke4 85. Ra4+ Kd3 86. Ra6 Kc4 87. Ra7 Kb5 88. Ra8 Kb4 89. Rb8+ Kc3 90. Rc8+ Kd4 91. Ra8 Kc3 92. Kh2 Kd4 93. Ra4+ Ke3 94. Ra6 Ke4 95. Ra4+ Kf5 96. Kg2 Ke5 97. Kh2 Kd5 98. Ra6 Ke5 99. Ra7 Ke4 100. Ra8 Kf3 101. Ra3+ Kf2 102. Ra4 Re1 103. Rxa2+ Re2 104. Ra6 Kf3+ 105. Kh3 Re1 106. Rf6+ Ke4 107. Re6+ Kf3 108. Rxe1 1-0


[Site "https://www.chess.com"]

[Event "Titled Tuesday Blitz August 08 Late 2023"]
[White "Mendez Fortes, Eduardo Jesus"]
[Black "Aradhya, Garg"]
[WhiteFideId "3502376"]
[BlackFideId "25006746"]
[WhiteElo "2557"]
[BlackElo "2730"]
[Result "0-1"]
[Round "11"]
[TimeControl "180+1"]
[Date "2023.08.08"]
[WhiteClock "0:00:23"]
[BlackClock "0:01:36"]
[Board "27"]

1. e4 e5 2. Nf3 Nc6 3. Bb5 a6 4. Ba4 Nge7 5. c3 Ng6 6. d4 exd4 7. cxd4 Bb4+ 8. Nc3 d5 9. exd5 Bxc3+ 10. bxc3 Qxd5 11. O-O O-O 12. Bb3 Qh5 13. h3 Na5 14. Bc2 Bf5 15. Ba4 Be4 16. Nd2 Qxd1 17. Rxd1 Bd5 18. Nf1 b5 19. Bc2 Nc4 20. Ng3 Rab8 21. Bd3 a5 22. Nf5 Rfe8 23. h4 h5 24. Bg5 Nb2 25. Ne3 Nxd1 26. Rxd1 Be4 27. Bxe4 Rxe4 28. Nd5 c6 29. f3 Re2 30. Ne3 f6 0-1


[Site "https://www.chess.com"]

[Event "Titled Tuesday Blitz August 08 Late 2023"]
[White "reevecanada"]
[Black "Akobian, Varuzhan"]
[BlackFideId "13300580"]
[WhiteElo "2553"]
[BlackElo "2722"]
[Result "0-1"]
[Round "11"]
[TimeControl "180+1"]
[Date "2023.08.08"]
[WhiteClock "0:00:22"]
[BlackClock "0:00:45"]
[Board "28"]

1. e4 d6 2. d4 Nf6 3. Bd3 e5 4. c3 c6 5. Ne2 Qc7 6. f3 Nbd7 7. Bg5 d5 8. Nd2 h6 9. Bh4 Bd6 10. Qc2 O-O 11. O-O-O dxe4 12. fxe4 Ng4 13. Nc4 b5 14. Nxd6 Qxd6 15. Qd2 Qe6 16. h3 Ngf6 17. Bb1 a5 18. Ng3 Re8 19. Nf5 exd4 20. cxd4 Nf8 21. b3 Ng6 22. Bxf6 Qxf6 23. Rhf1 Bxf5 24. Rxf5 Qd6 25. Rdf1 Ra7 26. Qf2 Qa3+ 27. Kd1 Ree7 28. e5 Rad7 29. e6 Rxe6 30. Rxf7 Rxd4+ 31. Qxd4 Rd6 32. Rxg7+ Kh8 33. Rd7+ Rxd4+ 34. Rxd4 Ne5 35. Rd2 Kg7 36. Re1 Qc5 37. Rde2 Qd4+ 38. Rd2 Qa1 39. Kc1 b4 40. Rb2 Nd3+ 41. Kc2 Nxe1+ 42. Kc1 Nd3+ 43. Kd2 Qxb2+ 44. Kxd3 Qxb1+ 45. Kc4 Qxa2 46. Kc5 Qxb3 47. Kb6 a4 48. Ka7 a3 49. Kb7 a2 50. Kb8 a1=Q 51. Kb7 Qd5 52. Kb8 Qd7 53. g4 Qaa7# 0-1


[Site "https://www.chess.com"]

[Event "Titled Tuesday Blitz August 08 Late 2023"]
[White "Alex_Sahakyan2006"]
[Black "Kozusek, Daniel"]
[BlackFideId "349500"]
[WhiteElo "2713"]
[BlackElo "2542"]
[Result "0-1"]
[Round "11"]
[TimeControl "180+1"]
[Date "2023.08.08"]
[WhiteClock "0:02:31"]
[BlackClock "0:02:16"]
[Board "29"]

1. d4 d5 2. c4 e6 3. Nc3 Bb4 4. Nf3 dxc4 5. Qa4+ Nc6 6. e3 Bd7 7. Qc2 b5 8. Bd2 a6 9. a4 Rb8 10. g4 Nf6 11. g5 Nd5 12. Rg1 Be7 13. axb5 axb5 14. Ne4 Ncb4 15. Qb1 Ra8 16. Nc5 Rxa1 17. Qxa1 Nc2+ 0-1


[Site "https://www.chess.com"]

[Event "Titled Tuesday Blitz August 08 Late 2023"]
[White "ATM622"]
[Black "Prohaszka, Peter"]
[BlackFideId "726265"]
[WhiteElo "2533"]
[BlackElo "2707"]
[Result "0-1"]
[Round "11"]
[TimeControl "180+1"]
[Date "2023.08.08"]
[WhiteClock "0:01:59"]
[BlackClock "0:02:16"]
[Board "30"]

1. d4 d5 2. c4 e6 3. Nf3 Nf6 4. g3 Be7 5. Bg2 O-O 6. O-O c6 7. Nbd2 b6 8. Qc2 Bb7 9. e4 Na6 10. e5 Nd7 11. b3 Rc8 12. Bb2 c5 13. Rac1 dxc4 14. Ng5 Bxg5 15. Bxb7 Nb4 16. Qd1 Rc7 17. Bg2 Nd3 18. Nxc4 Nxb2 19. Nxb2 Bxc1 20. Qxc1 cxd4 21. Qd2 Nxe5 22. f4 Ng4 23. Nc4 b5 24. Na3 a6 25. Rd1 Ne3 26. Re1 Nxg2 27. Kxg2 Qd5+ 28. Kg1 d3 0-1


[Site "https://www.chess.com"]

[Event "Titled Tuesday Blitz August 08 Late 2023"]
[White "Ibadov, Dashgyn"]
[Black "Hoang, Thi Bao Tram"]
[WhiteFideId "24107514"]
[BlackFideId "12401102"]
[WhiteElo "2532"]
[BlackElo "2678"]
[Result "1-0"]
[Round "11"]
[TimeControl "180+1"]
[Date "2023.08.08"]
[WhiteClock "0:00:13"]
[BlackClock "0:00:13"]
[Board "31"]

1. e4 c6 2. d4 d5 3. exd5 cxd5 4. Bd3 Nf6 5. h3 Nc6 6. c3 g6 7. Nf3 Bg7 8. O-O O-O 9. Bf4 a6 10. Re1 Na5 11. Nbd2 Be6 12. Ne5 Nd7 13. Ndf3 Nxe5 14. Bxe5 Bxe5 15. Nxe5 Rc8 16. f4 Qd6 17. f5 Bxf5 18. Bxf5 gxf5 19. Qh5 Qf6 20. Nd7 Qg6 21. Qxg6+ hxg6 22. Rxe7 Rfd8 23. Ne5 Re8 24. Rd7 Rcd8 25. Kf2 Rxd7 26. Nxd7 Kg7 27. Ne5 f6 28. Nd3 Nc4 29. b3 Nd6 30. Rc1 Rc8 31. Nc5 Ne4+ 32. Ke3 Nxc5 33. dxc5 Rxc5 34. Kd4 Rc7 35. Kxd5 Rd7+ 36. Kc5 Rd2 37. Kb6 Rxg2 38. Kxb7 f4 39. c4 f3 40. c5 Rxa2 41. c6 Rb2 42. c7 Rxb3+ 43. Ka7 f2 44. c8=Q Kh6 45. Qc4 Rf3 46. Qh4+ Kg7 47. Rc7+ Kf8 48. Qh8# 1-0


[Site "https://www.chess.com"]

[Event "Titled Tuesday Blitz August 08 Late 2023"]
[White "Weetik, Vjacheslav"]
[Black "Grinev, Valeriy"]
[WhiteFideId "4153472"]
[BlackFideId "14117517"]
[WhiteElo "2657"]
[BlackElo "2527"]
[Result "1-0"]
[Round "11"]
[TimeControl "180+1"]
[Date "2023.08.08"]
[WhiteClock "0:00:06"]
[BlackClock "0:00:07"]
[Board "32"]

1. d4 Nf6 2. c4 e6 3. g3 Bb4+ 4. Bd2 Be7 5. Bg2 O-O 6. Nf3 d5 7. O-O c6 8. Qc2 Nbd7 9. Rd1 b6 10. Bf4 Bb7 11. Nbd2 h6 12. e4 dxe4 13. Nxe4 Nxe4 14. Qxe4 Nf6 15. Qe2 Bd6 16. Ne5 Qc7 17. c5 bxc5 18. dxc5 Bxc5 19. Nd7 Qxd7 20. Rxd7 Nxd7 21. Rd1 Nf6 22. Be5 Rfd8 23. Bxf6 gxf6 24. Bf3 f5 25. Qe5 Rxd1+ 26. Bxd1 Rd8 27. Qxc5 Rxd1+ 28. Kg2 Ba6 29. Kh3 Bf1+ 30. Kh4 Bg2 31. Kh5 f4 32. Kxh6 Rd5 33. Qe7 Rd8 34. Qxd8# 1-0


[Site "https://www.chess.com"]

[Event "Titled Tuesday Blitz August 08 Late 2023"]
[White "Hua, Lefong"]
[Black "Toncheva, Nadya"]
[WhiteFideId "2602253"]
[BlackFideId "2924056"]
[WhiteElo "2653"]
[BlackElo "2521"]
[Result "1/2-1/2"]
[Round "11"]
[TimeControl "180+1"]
[Date "2023.08.08"]
[WhiteClock "0:00:18"]
[BlackClock "0:00:04"]
[Board "33"]

1. d4 d5 2. c4 dxc4 3. Nf3 Nf6 4. e3 Bg4 5. Bxc4 e6 6. O-O a6 7. h3 Bh5 8. Be2 Nc6 9. Nc3 Bd6 10. Nd2 Bxe2 11. Qxe2 O-O 12. Nc4 Qe7 13. b3 Rfe8 14. Bb2 Rad8 15. Rac1 Nd5 16. Nxd6 Nxc3 17. Bxc3 cxd6 18. Rfd1 d5 19. Qd2 Rc8 20. a4 Rc7 21. Bb2 Rec8 22. Rc3 h6 23. Rdc1 Nd8 24. R1c2 Rxc3 25. Rxc3 Rc6 26. Rxc6 Nxc6 27. Qc3 Qb4 28. Kf1 Qd6 29. g3 g6 30. h4 h5 31. Ke2 Qd8 32. Ba3 Qf6 33. Bd6 Qf5 34. Qd3 Qh3 35. b4 Qh1 36. Qd1 Qe4 37. f3 Qf5 38. Kf2 Qh3 39. Qf1 Qf5 40. b5 axb5 41. Qxb5 Qc2+ 42. Kf1 Qc1+ 43. Kf2 Qc2+ 44. Kf1 Qd1+ 45. Kf2 Qd2+ 46. Qe2 Qc1 47. Bc5 Qa1 48. Qc2 Qh1 49. Qe2 Qh2+ 50. Kf1 Qxg3 51. Qf2 Qh3+ 52. Ke2 Qf5 53. Kf1 Qb1+ 54. Kg2 Qb3 55. Bd6 Qxa4 56. Qb2 Qc4 57. Qxb7 Qc2+ 58. Kg3 Kg7 59. Qc8 Qc1 60. Qf8+ Kh7 61. Qxf7+ Kh8 62. Qe8+ Kh7 63. Qd7+ Kh8 64. Qc8+ Kh7 65. Qc7+ Kg8 66. Qc8+ Kg7 67. Qd7+ Kg8 68. Kf4 Qc3 69. Qxe6+ Kg7 70. Qxd5 Qc1 71. Be5+ Nxe5 72. Qxe5+ Kf7 73. Qd5+ Kf6 74. Qd6+ Kf7 75. Qd7+ Kf6 76. d5 Qc4+ 77. Kg3 Qd3 78. Qe6+ Kg7 79. d6 Qd1 80. Qe7+ Kh6 81. Kf4 Qd2 82. Ke4 Qc2+ 83. Ke5 Qc3+ 84. Kd5 Qd3+ 85. Kc6 Qc4+ 86. Kd7 Qb5+ 87. Ke6 Qc4+ 88. Kd7 Qb5+ 89. Kd8 Qb8+ 90. Kd7 Qb5+ 1/2-1/2


[Site "https://www.chess.com"]

[Event "Titled Tuesday Blitz August 08 Late 2023"]
[White "Hristodoulou, Panagiotis"]
[Black "Pantev, Veselin"]
[WhiteFideId "4214340"]
[BlackFideId "2901390"]
[WhiteElo "2512"]
[BlackElo "2620"]
[Result "0-1"]
[Round "11"]
[TimeControl "180+1"]
[Date "2023.08.08"]
[WhiteClock "0:00:04"]
[BlackClock "0:01:00"]
[Board "34"]

1. d4 Nf6 2. Nc3 d5 3. Bf4 c6 4. e3 Bf5 5. Nf3 Nbd7 6. Bd3 Bg6 7. O-O e6 8. Ne5 Nxe5 9. Bxe5 Nd7 10. Bg3 Be7 11. e4 dxe4 12. Nxe4 Nf6 13. Nxf6+ Bxf6 14. Bxg6 hxg6 15. c3 Qb6 16. Qb3 O-O 17. Rfe1 Rac8 18. Be5 Rfd8 19. h3 Rd5 20. Bf4 Rb5 21. Qc4 Rxb2 22. a4 Qb3 23. Qd3 Qc2 24. Qf3 Qf5 25. g4 Qd5 26. Qd3 c5 27. Be5 cxd4 28. cxd4 Rb3 29. Qf1 Bh4 30. Rac1 Rbc3 31. Rxc3 Rxc3 32. Qb5 Rxh3 33. Qxd5 exd5 34. Rb1 b6 35. a5 Bd8 36. axb6 Bxb6 37. Rb5 Rd3 38. Rxd5 f6 39. Rd7 fxe5 0-1


[Site "https://www.chess.com"]

[Event "Titled Tuesday Blitz August 08 Late 2023"]
[White "Musovic, Armin"]
[Black "Sadilek, Peter"]
[WhiteFideId "939935"]
[BlackFideId "1616439"]
[WhiteElo "2591"]
[BlackElo "2498"]
[Result "0-1"]
[Round "11"]
[TimeControl "180+1"]
[Date "2023.08.08"]
[WhiteClock "0:00:15"]
[BlackClock "0:00:31"]
[Board "35"]

1. a3 g6 2. Nc3 Bg7 3. e4 d6 4. d4 Nf6 5. Bg5 c6 6. f4 O-O 7. Nf3 d5 8. e5 Ne4 9. Bh4 c5 10. Bd3 Nxc3 11. bxc3 c4 12. Be2 Nc6 13. h3 Qa5 14. Qd2 f6 15. O-O fxe5 16. Nxe5 Qc7 17. Rae1 Nxe5 18. fxe5 Be6 19. Qg5 Rae8 20. Bg4 Qd7 21. Bd1 Bf5 22. Qc1 h6 23. Qe3 Qe6 24. Rf2 g5 25. Bg3 Be4 26. Ref1 Qg6 27. Bg4 e6 28. Qe2 Rxf2 29. Rxf2 Rf8 30. Bh5 Qh7 31. Rxf8+ Bxf8 32. Qg4 Qf5 33. Qd1 Bxc2 34. Qa1 Qd3 35. Kh2 Qe3 36. Qb1 Bxb1 37. Bf7+ Kxf7 0-1


[Site "https://www.chess.com"]

[Event "Titled Tuesday Blitz August 08 Late 2023"]
[White "Ambartsumova, Karina"]
[Black "Cheer_Down"]
[WhiteFideId "4166299"]
[WhiteElo "2590"]
[BlackElo "2497"]
[Result "1-0"]
[Round "11"]
[TimeControl "180+1"]
[Date "2023.08.08"]
[WhiteClock "0:02:54"]
[BlackClock "0:02:44"]
[Board "36"]

1. d4 d5 2. c4 e6 3. Nc3 Nf6 4. cxd5 exd5 5. Bg5 c6 6. e3 Be7 7. Bd3 h6 8. Bh4 Nh5 9. Bxe7 Qxe7 10. Qxh5 Qb4 11. Qe2 1-0


[Site "https://www.chess.com"]

[Event "Titled Tuesday Blitz August 08 Late 2023"]
[White "Deng, Henry"]
[Black "Kubatko, Ivan"]
[WhiteFideId "30965454"]
[BlackFideId "24111473"]
[WhiteElo "2580"]
[BlackElo "2478"]
[Result "1-0"]
[Round "11"]
[TimeControl "180+1"]
[Date "2023.08.08"]
[WhiteClock "0:01:16"]
[BlackClock "0:00:00"]
[Board "37"]

1. e4 d5 2. exd5 Qxd5 3. Nc3 Qa5 4. g3 Nf6 5. Bg2 Nc6 6. Nge2 h5 7. h3 h4 8. g4 e5 9. d3 Be6 10. Bd2 O-O-O 11. O-O Qa6 12. a3 Nd4 13. b4 Be7 14. Nxd4 exd4 15. Ne2 Bd5 16. f3 Bd6 17. a4 Bg3 18. b5 Qd6 19. Rb1 Rhe8 20. Nxg3 Qxg3 21. Be1 Qf4 22. Bf2 Nh7 23. Rb4 Re3 24. Bxe3 Qxe3+ 25. Kh1 Ng5 26. Re1 Qf2 27. Re2 Qg3 28. Qe1 Qf4 29. Qf2 Ne6 30. Rb1 Ng5 31. Rf1 f5 32. a5 fxg4 33. fxg4 Qd6 34. Qf4 Nxh3 35. Qxd6 Rxd6 36. Bxd5 Rxd5 37. Re7 Kd8 38. Rxg7 1-0


[Site "https://www.chess.com"]

[Event "Titled Tuesday Blitz August 08 Late 2023"]
[White "Dwilewicz, Katarzyna"]
[Black "Przybylski, Wojciech"]
[WhiteFideId "1148486"]
[BlackFideId "1117599"]
[WhiteElo "2407"]
[BlackElo "2573"]
[Result "0-1"]
[Round "11"]
[TimeControl "180+1"]
[Date "2023.08.08"]
[WhiteClock "0:00:01"]
[BlackClock "0:00:08"]
[Board "38"]

1. e4 e5 2. Nf3 Nf6 3. Nc3 Bb4 4. Nxe5 O-O 5. Nd3 Bxc3 6. dxc3 Nxe4 7. Nf4 c6 8. Be2 d5 9. O-O Nd7 10. c4 dxc4 11. Bxc4 Ne5 12. Qxd8 Rxd8 13. Be2 Bf5 14. Nd3 Nc4 15. Rd1 Rd7 16. f3 Nf6 17. b3 Nb6 18. Bb2 Re8 19. Kf2 Rde7 20. Bf1 Nfd5 21. Re1 Ne3 22. Ba3 Re6 23. Nf4 Nxc2 24. Nxe6 Nxa1 25. Rxa1 Bxe6 26. Rd1 Nd5 27. g3 f6 28. Bb2 Kf7 29. Bd3 g6 30. f4 Bf5 31. Bc4 Be4 32. h4 h5 33. Bd4 b6 34. a4 Re7 35. Ra1 Ke6 36. a5 b5 37. Bf1 a6 38. Rc1 Kd7 39. Rd1 f5 40. Bc5 Re8 41. Rd2 Kc7 42. Bd4 Kd6 43. Be5+ Kd7 44. Bd4 Re6 45. Be5 Re7 46. Bd4 Rf7 47. Be5 Rf8 48. Rd1 Rd8 49. Rd2 Rc8 50. Bd4 c5 51. Be5 Ke6 52. Ke1 Rc6 53. Kd1 c4 54. bxc4 bxc4 55. Rb2 c3 56. Rb8 c2+ 57. Kc1 Ne3 58. Be2 Nc4 59. Bxc4+ Rxc4 60. Rb6+ Kd5 61. Rxa6 Rb4 62. Rd6+ Kc4 63. Kd2 Rb1 64. Rd4+ Kc5 65. Rxe4 c1=Q+ 66. Ke2 Qc2+ 67. Kf3 Qxe4+ 0-1


[Site "https://www.chess.com"]